 Dungeon Crawl Stone Soup version 0.24.0-37-gcf1ca852f1 (webtiles) character file.

Game seed: 3664883658386930795, levelgen mode: deterministic

5082 grindst0ne the Covert (level 10, -4/79 HPs)
             Began as a Gnoll Wanderer on Nov 25, 2019.
             Was a Follower of Cheibriados.
             Slain by a komodo dragon (14 damage)
             ... on level 9 of the Dungeon.
             The game lasted 00:25:33 (10590 turns).

grindst0ne the Covert (Gnoll Wanderer)             Turns: 10590, Time: 00:25:33

Health: -4/79      AC: 10    Str: 16      XL:     10   Next: 57%
Magic:  26/26      EV: 15    Int: 17      God:    Cheibriados [*.....]
Gold:   192        SH:  0    Dex: 19 (20) Spells: 17/19 levels left

rFire    . . .     SeeInvis +   q - +5 mace of Action {venom, MP+9}
rCold    . . .     Gourm    .   (no shield)
rNeg     . . .     Faith    .   K - +0 troll leather armour
rPois    .         Spirit   .   (no helmet)
rElec    .         Reflect  .   o - +0 cloak
rCorr    .         Harm     .   y - +0 pair of gloves
MR       .....                  F - +2 pair of boots
Stlth    +++++.....             (no amulet)
HPRegen  0.63/turn              l - ring of see invisible
MPRegen  0.20/turn              (no ring)

@: very slow
A: distributed training, fangs 1, strong nose
a: Bend Time, Renounce Religion


You were on level 9 of the Dungeon.
You worshipped Cheibriados.
Cheibriados was aware of your devotion.
You were not hungry.

You visited 2 branches of the dungeon, and saw 10 of its levels.
You also visited: Sewer and Ossuary.

You collected 474 gold pieces.
You spent 282 gold pieces at shops.

Inventory:

Hand Weapons
 q - the +5 mace of Action (weapon) {venom, MP+9}
   (You found it on level 6 of the Dungeon)

   It poisons the flesh of those it strikes.
   It affects your magic capacity (+9).
 H - a +2 dire flail of protection
Missiles
 j - 40 poisoned darts (quivered)
 m - 14 boomerangs
Armour
 o - a +0 cloak (worn)
 y - a +0 pair of gloves (worn)
 F - a +2 pair of boots (worn)
 K - a +0 troll leather armour (worn)
Jewellery
 l - a ring of see invisible (left hand)
 x - an uncursed ring of fire
Wands
 a - a wand of flame (25)
 w - a wand of polymorph (11)
Scrolls
 b - 3 scrolls of blinking
 g - 3 scrolls of enchant armour
 h - 4 scrolls of remove curse
 k - 2 scrolls of immolation {unknown}
 p - a scroll of enchant weapon {unknown}
 r - a scroll of amnesia {unknown}
 t - 4 scrolls of magic mapping
 A - a scroll of fear
 C - 7 scrolls of teleportation
 D - 2 scrolls of fog
Potions
 c - 6 potions of curing
 d - a potion of lignification
 e - a potion of heal wounds
 i - 3 potions of flight
 n - 4 potions of agility
 s - 2 potions of brilliance {unknown}
 u - a potion of invisibility {unknown}
 v - 2 potions of cancellation
 z - 2 potions of resistance
 B - 3 potions of haste
 E - 2 potions of ambrosia
 G - a potion of degeneration {unknown}
 I - a potion of mutation {unknown}
Comestibles
 f - 9 rations


   Skills:
 + Level 7.1 Fighting
 + Level 5.3 Short Blades
 + Level 5.3 Long Blades
 + Level 5.3 Axes
 + Level 5.3 Maces & Flails
 + Level 5.3 Polearms
 + Level 5.3 Staves
 + Level 5.3 Slings
 + Level 5.3 Bows
 + Level 5.3 Crossbows
 + Level 6.0 Throwing
 + Level 5.3 Armour
 + Level 5.3 Dodging
 + Level 10.8 Stealth
 + Level 6.0 Shields
 + Level 6.0 Unarmed Combat
 + Level 5.3 Spellcasting
 + Level 4.3 Conjurations
 + Level 4.3 Hexes
 + Level 4.3 Charms
 + Level 4.3 Summonings
 + Level 4.3 Necromancy
 + Level 4.3 Translocations
 + Level 4.3 Transmutations
 + Level 4.3 Fire Magic
 + Level 4.3 Ice Magic
 + Level 4.3 Air Magic
 + Level 4.3 Earth Magic
 + Level 4.3 Poison Magic
 + Level 5.8 Invocations
 + Level 5.3 Evocations


You had 17 spell levels left.
You knew the following spells:

 Your Spells              Type           Power        Failure   Level  Hunger
a - Blink                 Tloc           N/A          4%          2    #......

Your spell library contained the following spells:

 Spells                   Type           Power        Failure   Level  Hunger
 Magic Dart               Conj           ###.         2%          1    None
 Sandblast                Erth           ###...       2%          1    None
 Call Imp                 Summ           ###.....     4%          2    #......
 Passwall                 Tmut/Erth      ###.....     4%          2    #......
 Slow                     Hex            ###.....     4%          2    #......
 Conjure Flame            Conj/Fire      ###.....     9%          3    ##.....
 Mephitic Cloud           Conj/Pois/Air  ###.....     9%          3    ##.....
 Stone Arrow              Conj/Erth      ###...       9%          3    ##.....
 Petrify                  Tmut/Erth      ###.....     26%         4    ####...
 Lee's Rapid Deconstruct  Erth           ###.......   58%         5    ######.


Dungeon Overview and Level Annotations

Branches:
Dungeon (9/15)             Temple (1/1) D:7            Lair (0/6) D:9
  Sewer (visited)         Ossuary (visited)
    Orc: D:9-12

Altars:
Ashenzari
Cheibriados
Fedhas
Hepliaklqana
Kikubaaqudgha
Nemelex Xobeh
Okawaru
Qazlal
Sif Muna
Vehumet
Wu Jian
Xom
Yredelemnul
Zin
The Shining One

Shops:
D:6 ?:%?!   D:8 !

Annotations:
D:6 1 runed translucent door, Iamsoldier's ghost, novice GnSk


Innate Abilities, Weirdness & Mutations

Your experience applies equally to all skills.
You have very sharp teeth.
Your uncanny sense of smell can sniff out nearby items.


Message History

The orc wizard hits you but does no damage.
The komodo dragon bites you!!
* * * LOW HITPOINT WARNING * * *
Unknown command.
You are too injured to fight recklessly!
An eye of draining comes into view.
There is an open door here.
As you read the scroll of fear, it crumbles to dust.
You assume a fearsome visage.
The orc wizard looks frightened! x2
The eye of draining looks frightened!
The eye of draining turns its gaze towards you.
The komodo dragon looks frightened!
The orc wizard gestures wildly while chanting.
The orc wizard flickers and vanishes for a moment.
The orc wizard casts a spell.
The orc wizard flickers and vanishes for a moment.
Cornered, the komodo dragon turns to fight!
The orc wizard cries, "Help!"
The komodo dragon bites you!
You die...

.. G# ##.# #).# ##+####### #####
#)# #........# ....#### #.#
#........+ ....'..##
####'########........#
....##..###....l.....##........#
....###...#.....@....##........#
....# ###.'....................#
....# ###...........#(....>..#
##'## #..........##.<......# #.#
######'########'###### #.# #..#
#.# #.# ##.# #.### #.# #.#
#>..##### #.# #######.###
###......


You could see a komodo dragon.

Vanquished Creatures
  Harold (D:9)
  A troll (D:9)
  A hippogriff (D:7)
  A spriggan (D:8)
  A shadow (D:8)
  A steam dragon (D:8)
  Edmund (D:6)
  2 ice beasts
  An orc warrior (D:6)
  An eye of draining (D:8)
  3 ogres
  2 centaurs
  A big kobold (D:3)
  5 bullfrogs
  Blork the orc (D:5)
  5 water moccasin zombies (Ossuary)
  2 scorpions (D:4)
  A howler monkey (D:8)
  5 wights (D:6)
  3 crimson imps
  A centaur zombie (D:5)
  A bullfrog zombie (D:6)
  A jelly (D:2)
  3 quasits
  3 centaur skeletons
  Crazy Yiuf (D:6)
  5 orc priests
  2 hounds
  An iguana (D:4)
  6 orc wizards
  9 worker ants
  6 big kobold zombies (Ossuary)
  3 hound skeletons
  2 mummies (Ossuary)
  A howler monkey zombie (D:7)
  A worker ant zombie (D:6)
  14 adders
  A shadow imp (D:5)
  10 oozes
  An adder skeleton (D:8)
  4 adder zombies
  3 worms
  2 dart slugs
  22 leopard geckos
  28 orcs
  16 ball pythons
  15 giant cockroaches
  A gnoll zombie (Ossuary)
  5 goblins
  7 hobgoblins
  19 jackals
  A quokka (D:3)
  10 bats
  13 frilled lizards
  3 hobgoblin zombies (Ossuary)
  13 kobolds
  5 kobold zombies (Ossuary)
  3 orc zombies (Ossuary)
  A quokka skeleton (D:4)
  A quokka zombie (D:5)
  15 rats
298 creatures vanquished.

Vanquished Creatures (others)
  A plant (D:1)
1 creature vanquished.

Grand Total: 299 creatures vanquished

Notes
Turn   | Place    | Note
-------+----------+-------------------------------------------
     0 | D:1      | Reached skill level 9 in Stealth
     0 | D:1      | grindst0ne the Gnoll Wanderer began the quest for the Orb.
     0 | D:1      | grindst0ne set off with the following items: a +2 dagger, a
                  | scroll of blinking, a potion of curing, a potion of
                  | lignification, a +0 robe, a ration
     0 | D:1      | Reached XP level 1. HP: 20/20 MP: 1/1
   157 | D:1      | Reached XP level 2. HP: 26/26 MP: 2/2
   639 | D:1      | Reached XP level 3. HP: 27/31 MP: 3/3
  1217 | D:2      | Reached skill level 1 in Invocations
  1268 | D:2      | Reached skill level 1 in Short Blades
  1268 | D:2      | Reached skill level 1 in Long Blades
  1268 | D:2      | Reached skill level 1 in Axes
  1268 | D:2      | Reached skill level 1 in Maces & Flails
  1268 | D:2      | Reached skill level 1 in Polearms
  1268 | D:2      | Reached skill level 1 in Staves
  1268 | D:2      | Reached skill level 1 in Slings
  1268 | D:2      | Reached skill level 1 in Bows
  1268 | D:2      | Reached skill level 1 in Crossbows
  1268 | D:2      | Reached skill level 1 in Armour
  1268 | D:2      | Reached skill level 1 in Dodging
  1268 | D:2      | Reached skill level 1 in Spellcasting
  1268 | D:2      | Reached skill level 1 in Evocations
  1323 | D:2      | Reached XP level 4. HP: 38/38 MP: 5/5
  1500 | D:2      | Learned a level 2 spell: Blink
  2389 | D:3      | Reached skill level 1 in Conjurations
  2389 | D:3      | Reached skill level 1 in Hexes
  2389 | D:3      | Reached skill level 1 in Charms
  2389 | D:3      | Reached skill level 1 in Summonings
  2389 | D:3      | Reached skill level 1 in Necromancy
  2389 | D:3      | Reached skill level 1 in Translocations
  2389 | D:3      | Reached skill level 1 in Transmutations
  2389 | D:3      | Reached skill level 1 in Fire Magic
  2389 | D:3      | Reached skill level 1 in Ice Magic
  2389 | D:3      | Reached skill level 1 in Air Magic
  2389 | D:3      | Reached skill level 1 in Earth Magic
  2389 | D:3      | Reached skill level 1 in Poison Magic
  2821 | D:3      | Reached XP level 5. HP: 39/43 MP: 6/6
  2934 | D:3      | Noticed a big kobold
  2980 | D:3      | Killed a big kobold
  3114 | D:3      | Reached XP level 6. HP: 47/50 MP: 8/8
  3669 | D:2      | Reached skill level 5 in Fighting
  4078 | D:4      | Reached XP level 7. HP: 50/56 MP: 10/10
  5223 | D:5      | Entered Level 5 of the Dungeon
  5227 | D:5      | Noticed Blork the orc
  5240 | D:5      | Killed Blork the orc
  5437 | D:5      | Found a glowing silver altar of Zin.
  5468 | D:5      | Reached XP level 8. HP: 63/63 MP: 12/12
  5525 | D:5      | Reached skill level 10 in Stealth
  5626 | D:5      | Found a glowing drain.
  5683 | Sewer    | Entered a sewer
  7070 | D:6      | Found Viytzo's Distillery.
  7100 | D:6      | Found a sand-covered staircase.
  7105 | Ossuary  | Entered an ossuary
  7172 | Ossuary  | Reached XP level 9. HP: 64/69 MP: 14/14
  7441 | D:6      | Found Wets's Magic Scroll Shop.
  7446 | D:6      | Bought a scroll of identify for 24 gold pieces
  7446 | D:6      | Bought a scroll of identify for 24 gold pieces
  7446 | D:6      | Bought a scroll of identify for 24 gold pieces
  7479 | D:6      | Found a shimmering blue altar of Sif Muna.
  7479 | D:6      | Noticed Edmund
  7480 | D:6      | Found Palisoosm's Magic Scroll Boutique.
  7523 | D:6      | Killed Edmund
  7734 | D:6      | Found Holeyqol's Book Shop.
  7742 | D:6      | Bought a scroll of blinking for 90 gold pieces
  7742 | D:6      | Bought a scroll of identify for 24 gold pieces
  7742 | D:6      | Bought a scroll of identify for 24 gold pieces
  7742 | D:6      | Bought a scroll of identify for 24 gold pieces
  7745 | D:6      | Bought a scroll of identify for 24 gold pieces
  7745 | D:6      | Bought a scroll of identify for 24 gold pieces
  7820 | D:6      | Reached skill level 5 in Throwing
  7820 | D:6      | Reached skill level 5 in Shields
  7820 | D:6      | Reached skill level 5 in Unarmed Combat
  7889 | D:6      | Found a sparkling altar of Nemelex Xobeh.
  7923 | D:6      | Found Keusmem's Food Boutique.
  7998 | D:6      | Found a runed translucent door.
  7998 | D:6      | Noticed Iamsoldier's ghost (novice GnSk)
  8190 | D:6      | Found a runed translucent door.
  8191 | D:6      | Noticed Crazy Yiuf
  8207 | D:6      | Killed Crazy Yiuf
  8219 | D:6      | Got a slimy mace
  8220 | D:6      | Identified the +5 mace of Action {venom, MP+9} (You found
                  | it on level 6 of the Dungeon)
  8310 | D:7      | Found a staircase to the Ecumenical Temple.
  8363 | Temple   | Entered the Ecumenical Temple
  8460 | Temple   | Became a worshipper of Cheibriados the Contemplative
  8889 | D:7      | Reached skill level 5 in Invocations
  9573 | D:8      | Found a radiant altar of Vehumet.
  9585 | D:8      | Reached XP level 10. HP: 77/77 MP: 17/17
  9940 | D:8      | Found Ifuarado's Distillery.
  9968 | D:8      | Reached * piety under Cheibriados
  9968 | D:8      | Reached skill level 5 in Short Blades
  9968 | D:8      | Reached skill level 5 in Long Blades
  9968 | D:8      | Reached skill level 5 in Axes
  9968 | D:8      | Reached skill level 5 in Maces & Flails
  9968 | D:8      | Reached skill level 5 in Polearms
  9968 | D:8      | Reached skill level 5 in Staves
  9968 | D:8      | Reached skill level 5 in Slings
  9968 | D:8      | Reached skill level 5 in Bows
  9968 | D:8      | Reached skill level 5 in Crossbows
  9968 | D:8      | Reached skill level 5 in Armour
  9968 | D:8      | Reached skill level 5 in Dodging
  9968 | D:8      | Reached skill level 5 in Spellcasting
  9968 | D:8      | Reached skill level 5 in Evocations
 10348 | D:9      | Noticed Harold
 10382 | D:9      | Killed Harold
 10468 | D:9      | Found a staircase to the Lair.
 10590 | D:9      | Slain by a komodo dragon

Levels and vault maps discovered:
D:1:      lightli_iron_boxes, layout_loops_cross, lexackson_kobold_supper
D:2:      layout_basic
D:3:      layout_rooms
D:4:      layout_basic, first_ration, minmay_misc_feat_tiny
D:5:      lemuel_ice_spiral_2, layout_basic, portal_sewer_entry_b,
          lemuel_altar_in_water2, uniq_blork_the_orc
D:6:      layout_rooms, basic_altar, nicolae_ossuary_entry_false_entrances,
          ebering_ghost_reflecting_pool, serial_shops,
          nicolae_shop_competitors_out_of_business, shop,
          nicolae_shop_behind_doors, shop, shop, nemelex_lonely_heart_becter,
          uniq_crazy_yiuf_cottage, uniq_edmund
D:7:      layout_gridville, minmay_temple_entry_glassed_door,
          serial_co_window_serial, co_window_corner_a,
          co_window_of_opportunity_a, co_window_cross_1, co_window_corner_a,
          co_window_of_opportunity_a, co_window_corner_a, co_window_paths_b,
          co_window_2corner, co_window_2corner, co_window_broadway_b,
          co_window_corner_b, co_window_of_opportunity_b,
          co_window_of_opportunity_b, co_window_corner_b, glass_columns_a,
          glass_columns_a, glass_columns_b
D:8:      layout_basic, vehumet_altar_wand_db, serial_shops, shop, the_bakery
D:9:      layout_roguey, dpeg_oklobed_lair, uniq_harold
Temple:   kilobyte_greek_temple

Skill      XL: |  1  2  3  4  5  6  7  8  9 10 |
---------------+-------------------------------+-----
Stealth        | 10 | 10.8
Invocations    | 1 2 3 4 5 |  5.8
Short Blades   | 1 2 3 4 5 |  5.3
Long Blades    | 1 2 3 4 5 |  5.3
Axes           | 1 2 3 4 5 |  5.3
Maces & Flails | 1 2 3 4 5 |  5.3
Polearms       | 1 2 3 4 5 |  5.3
Staves         | 1 2 3 4 5 |  5.3
Slings         | 1 2 3 4 5 |  5.3
Bows           | 1 2 3 4 5 |  5.3
Crossbows      | 1 2 3 4 5 |  5.3
Armour         | 1 2 3 4 5 |  5.3
Dodging        | 1 2 3 4 5 |  5.3
Spellcasting   | 1 2 3 4 5 |  5.3
Evocations     | 1 2 3 4 5 |  5.3
Conjurations   | 1 2 3 4 |  4.3
Hexes          | 1 2 3 4 |  4.3
Charms         | 1 2 3 4 |  4.3
Summonings     | 1 2 3 4 |  4.3
Necromancy     | 1 2 3 4 |  4.3
Translocations | 1 2 3 4 |  4.3
Transmutations | 1 2 3 4 |  4.3
Fire Magic     | 1 2 3 4 |  4.3
Ice Magic      | 1 2 3 4 |  4.3
Air Magic      | 1 2 3 4 |  4.3
Earth Magic    | 1 2 3 4 |  4.3
Poison Magic   | 1 2 3 4 |  4.3
Throwing       | 3 4 5 6 |  6.0
Shields        | 3 4 5 6 |  6.0
Unarmed Combat | 3 4 5 6 |  6.0
Fighting       | 5 6 7 |  7.1

Action                   |  1- 3 |  4- 6 |  7- 9 | 10-12 || total
-------------------------+-------+-------+-------+-------++-------
Melee: Dagger            |   100 |   127 |       |       ||   227
       Bite              |    15 |    17 |    96 |    18 ||   146
       Punch             |     1 |     2 |    18 |     7 ||    28
       War axe           |       |   101 |    48 |       ||   149
       Spear             |       |       |   557 |       ||   557
       Dire flail        |       |       |    96 |       ||    96
       Mace              |       |       |    58 |   104 ||   162
Throw: Dart              |     6 |    16 |     6 |     1 ||    29
 Cast: Blink             |       |     4 |       |       ||     4
  Use: Scroll            |       |     6 |     9 |     3 ||    18
       Potion            |       |       |     2 |       ||     2
 Stab: Sleeping          |    18 |     8 |    34 |     6 ||    66
       Distracted        |       |     2 |     4 |       ||     6
  Eat: Chunk             |     1 |    10 |    14 |     2 ||    27
       Ration            |       |       |     2 |       ||     2
Armor: Robe              |    26 |    18 |       |       ||    44
       Ring mail         |       |    40 |   316 |    43 ||   399
       Troll leather arm |       |       |       |    22 ||    22
Dodge: Dodged            |    47 |   156 |   502 |   114 ||   819
